 Dungeon Crawl Stone Soup version 0.30-b1-2-g02819fbbbe (webtiles) character file.

Game seed: 2697805109385079490

39 nightchill the Firebug (level 3, 0/20 HPs)
             Began as a Gargoyle Fire Elementalist on Oct 5, 2023.
             Slain by a cerulean imp
             ... wielding a +2 spear
             ... summoned by Natasha
              (1 damage)
             ... on level 2 of the Dungeon.
             The game lasted 00:03:12 (1799 turns).

nightchill the Firebug (Gargoyle Fire Elementalist) Turns: 1799, Time: 00:03:13

Health: 0/20       AC:  5    Str: 11    XL:     3   Next: 45%
Magic:  4/6        EV: 12    Int: 17    God:
Gold:   63         SH:  0    Dex: 10    Spells: 5/6 levels left

rFire   . . .        g - +0 war axe
rCold   . . .        (no shield)
rNeg    + . .        a - +0 robe
rPois   ∞            (no helmet)
rElec   +            (no cloak)
rCorr   .            (no gloves)
SInv    .            (no boots)
Will    .....        (no amulet)
Stlth   ++           (no ring)
HPRegen 0.23/turn    (no ring)
MPRegen 0.10/turn

%: no passive effects
@: slowed, very slow
A: sickness immunity, AC +3, negative energy resistance 1, electricity
resistance, torment resistance 1, petrification resistance
a: no special abilities


You were on level 2 of the Dungeon.
You visited 1 branch of the dungeon, and saw 2 of its levels.

You collected 63 gold pieces.

Inventory:

Hand Weapons
 f - a +0 dagger
 g - a +0 war axe (weapon)
Armour
 a - a +0 robe (worn)
 d - a +0 kite shield
Jewellery
 k - a ring of willpower
Scrolls
 c - a scroll of summoning {unknown}
 e - a scroll of acquirement {unknown}
 i - a scroll of identify {unknown}
 j - a scroll of enchant weapon {unknown}
 n - a scroll of enchant armour {unknown}
Potions
 b - a potion of magic
 h - a potion of curing {unknown}
 l - 4 potions of heal wounds {unknown}
 m - a potion of might {unknown}


   Skills:
 + Level 1.2 Fighting
 * Level 1.6 Axes
 - Level 1.7 Dodging
 - Level 2.4 Stealth
 - Level 2.1 Spellcasting
 - Level 1.3 Conjurations
 - Level 3.1 Fire Magic


You had 5 spell levels left.
You knew the following spells:

 Your Spells              Type           Power      Damage    Failure   Level
a - Foxfire               Conj/Fire      36%        2x1d5     8%          1

Your spell library contained the following spells:

 Spells                   Type           Power      Damage    Failure   Level
 Scorch                   Fire           24%        2d6       9%          2
 Inner Flame              Hex/Fire       7%         N/A       30%         3
 Volatile Blastmotes      Fire/Tloc      14%        2d11      30%         3
 Flame Wave               Conj/Fire      9%         2d6       58%         4


Dungeon Overview and Level Annotations

Branches:
Dungeon (2/15)

Altars:

Annotations:
D:2 Natasha


Innate Abilities, Weirdness & Mutations

You are immune to sickness and miasma.
Your stone body is resilient. (AC +3)
You are immune to poison.
You resist negative energy. (rN+)
You are resistant to electric shocks. (rElec)
You are resistant to unholy torment.
You are immune to petrification.


Message History

You completely miss Natasha. The cerulean imp misses you. Natasha claws you.
* * * LOW HITPOINT WARNING * * *
The cerulean imp hits you but does no damage.
Casting: Foxfire (safe; 8% risk of failure)
Confirm with . or Enter, or press ? or * to list all spells.
You conjure some foxfire!
Natasha casts a spell at you.
You feel yourself slow down.
The cerulean imp hits you from afar with a +1 spear.
* * * LOW HITPOINT WARNING * * *
The foxfire hits Natasha.
Natasha is lightly wounded.
The foxfire hits Natasha.
Natasha is moderately wounded.
Natasha mumbles some strange words.
The cerulean imp closely misses you.
Okay, then.
You hit Natasha.
Natasha is severely wounded.
You closely miss the cerulean imp. Natasha closely misses you.
The cerulean imp closely misses you. The cerulean imp barely misses you.
Natasha barely misses you.
The cerulean imp hits you from afar with a +1 spear.
* * * LOW HITPOINT WARNING * * *
The cerulean imp closely misses you. Natasha claws you but does no damage.
You closely miss Natasha.
Natasha is severely wounded.
You hit the cerulean imp.
The cerulean imp hits you from afar with a +1 spear.
* * * LOW HITPOINT WARNING * * *
The cerulean imp barely misses you. Natasha closely misses you.
The cerulean imp misses you.
The cerulean imp hits you with a +2 spear.
* * * LOW HITPOINT WARNING * * *
Natasha claws you but does no damage. The cerulean imp barely misses you.
Casting: Foxfire (safe; 8% risk of failure)
Confirm with . or Enter, or press ? or * to list all spells.
You conjure some foxfire!
The cerulean imp hits you with a +2 spear.
You die...

#......#..# .._ #(
########..#...... ##
#..#...... ###.........
#############...........
..†.....................
####........†....5......
#............h....#
#...........v@5...#
#...........v†....#
#................$.#
#....................
##########...........
###......... #.#####...
#.# ...


You could see Natasha (ally target) and 2 cerulean imps.

Vanquished Creatures
  6 endoplasms (D:1)
  A giant cockroach (D:1)
  2 goblins (D:1)
  4 hobgoblins
  3 jackals
  2 quokkas
  4 ball pythons
  4 bats
  2 frilled lizards (D:2)
  4 kobolds
  3 rats
35 creatures vanquished.

Vanquished Creatures (others)
  23 foxfires
23 creatures vanquished.

Grand Total: 58 creatures vanquished

Notes
Turn   | Place    | Note
-------+----------+-------------------------------------------
     0 | D:1      | nightchill the Gargoyle Fire Elementalist began the quest
                  | for the Orb.
     0 | D:1      | Reached XP level 1. HP: 10/10 MP: 3/3
   537 | D:1      | Reached XP level 2. HP: 15/15 MP: 3/5
   982 | D:1      | Reached skill level 1 in Axes
  1078 | D:1      | Reached XP level 3. HP: 20/20 MP: 6/6
  1388 | D:1      | Reached skill level 1 in Fighting
  1754 | D:2      | Found a faded altar of an unknown god.
  1754 | D:2      | Noticed Natasha
  1798 | D:2      | HP: 1/20 [cerulean imp/+2 spear[Natasha] (6)]
  1799 | D:2      | Slain by a cerulean imp

Illustrated notes

Levels and vault maps discovered:
D:1:      tarquinn_simple_flora_water_d, layout_basic, serial_co_window_serial,
          co_window_paths_a, co_window_paths_a, co_window_paths_a,
          co_window_corner_a, co_window_cross_1, co_window_cross_3,
          co_window_cross_3, co_window_unsneaky_path_d,
          co_window_unsneaky_path_d, co_window_paths_e, co_window_4corner_a,
          glass_columns_b, glass_columns_a, glass_columns_a
D:2:      layout_basic, serial_shops, shop, dreamdust_ecumenical_altar_statues,
          eino_curves_02, uniq_natasha

Skill      XL: |  1  2  3 |
---------------+----------+-----
Axes           | 1 |  1.6
Fighting       | 1 |  1.2
Dodging        | |  1.7
Stealth        | |  2.4
Spellcasting   | |  2.1
Conjurations   | |  1.3
Fire Magic     | |  3.1

Action                     || total
---------------------------++-------
  Melee: War axe           ||    92
   Cast: Foxfire           ||    13
   Stab: Sleeping          ||     4
 Armour: Robe              ||    59
  Dodge: Dodged            ||    95
